Map: Miasto szlamu

Players

Legol - Winner!

  • Race: Protoss Protoss
  • League: Master
  • Spawn Location: 11:00

Wabbit - Winner!

  • Race: Zerg Zerg
  • League: Master
  • Spawn Location: 9:00

Donk

  • Race: Terran Terran
  • Spawn Location: 5:00

Alfonso

  • Race: Zerg Zerg
  • League: Diamond
  • Spawn Location: 5:00

VOD

Have the link to the VOD?

Description

Time

  • Played on: Sept. 10, 2026, 5:49 p.m.
  • Length: 17:09
Show
View Real Time Build Order
Export as new Build Order

Legol Protoss - Winner!

Build Orders:  

Get SALT Encoding   

  8  0:00  Probe  
  9  0:12  Probe  
  10  0:24  Probe  
  11  0:29  Pylon  
  11  0:36  Probe  
  12  0:48  Probe  
  13  0:56  Gateway  
  13  1:01  Probe (Chrono Boost)  
  14  1:11  Probe (Chrono Boost)  
  15  1:15  Probe (Chrono Boost)  
  16  1:27  Probe (Chrono Boost)  
  16  1:29  Assimilator  
  17  1:39  Probe (Chrono Boost)  
  18  1:44  Cybernetics Core, Probe (Chrono Boost)  
  19  1:53  Pylon  
  19  2:12  Nexus  
  19  2:15  Probe  
  20  2:22  Stalker  
  22  2:27  Probe  
  23  2:36  Pylon  
  23  2:40  Assimilator  
  23  2:41  Probe  
  24  2:45  Warp Gate  
  24  2:58  Stalker  
  26  3:10  Gateway  
  26  3:11  Probe  
  27  3:23  Probe  
  28  3:27  Twilight Council  
  28  3:28  Probe  
  29  3:35  Probe (Chrono Boost)  
  31  3:44  Probe (Chrono Boost)  
  31  3:47  Pylon, Probe (Chrono Boost)  
  32  3:52  Stalker  
  35  3:57  Probe (Chrono Boost)  
  35  3:58  Stalker  
  37  4:04  Blink (Chrono Boost)  
  37  4:09  Probe  
  38  4:10  Probe  
  39  4:21  Probe (Chrono Boost)  
  39  4:22  Probe (Chrono Boost)  
  41  4:26  Gateway  
  41  4:27  Gateway  
  41  4:34  Probe (Chrono Boost)  
  43  4:39  Probe (Chrono Boost)  
  44  4:46  Probe (Chrono Boost)  
  44  4:47  Forge  
  44  4:49  Pylon  
  44  4:54  Assimilator  
  44  5:09  Pylon  
  44  5:10  Probe x2  
  44  5:11  Robotics Facility  
  46  5:15  Nexus  
  46  5:23  Probe x2  
  46  5:28  Protoss Ground Weapons Level 1 (Chrono Boost)  
  48  5:34  Photon Cannon  
  48  5:37  Photon Cannon  
  48  5:43  Assimilator  
  48  5:47  Stalker  
  48  5:48  Stalker x2  
  54  5:53  Probe x2  
  56  6:03  Forge, Observer  
  57  6:05  Probe x2  
  59  6:17  Probe x2 (Chrono Boost)  
  61  6:20  Robotics Bay  
  61  6:21  Robotics Facility  
  61  6:25  Stalker x2  
  65  6:27  Probe (Chrono Boost)  
  68  6:35  Immortal, Probe x2 (Chrono Boost)  
  68  6:38  Probe (Chrono Boost)  
  73  6:46  Protoss Ground Armor Level 1 (Chrono Boost)  
  73  6:53  Charge (Chrono Boost)  
  73  6:55  Zealot x4  
  73  7:00  Probe x3  
  84  7:12  Probe x2  
  84  7:13  Probe  
  86  7:18  Extended Thermal Lance  
  86  7:24  Probe  
  86  7:26  Assimilator  
  87  7:30  Assimilator, Pylon  
  87  7:31  Pylon  
  87  7:34  Pylon  
  87  7:35  Pylon  
  87  7:38  Pylon  
  87  7:48  Colossus, Probe x2  
  95  7:51  Gateway  
  95  7:52  Gateway  
  95  7:53  Probe  
  95  7:55  Gateway  
  95  7:58  Gateway  
  95  8:01  Probe x2  
  95  8:03  Colossus (Chrono Boost)  
  95  8:05  Probe  
  104  8:19  Stalker  
  106  8:20  Stalker x3  
  110  8:54  Stalker x6  
  122  8:57  Colossus (Chrono Boost)  
  122  9:32  Pylon x2, Colossus (Chrono Boost)  
  122  9:33  Pylon  
  122  9:36  Pylon  
  127  9:38  Pylon  
  127  9:40  Pylon  
  127  9:47  Colossus (Chrono Boost)  
  133  9:53  Pylon  
  133  9:54  Pylon  
  133  9:56  Pylon x2  
  133  9:59  Zealot x4  
  141  10:00  Zealot x4  
  141  10:03  Nexus  
  149  10:07  Protoss Ground Weapons Level 2 (Chrono Boost)  
  149  10:08  Protoss Ground Armor Level 2 (Chrono Boost)  
  149  10:16  Observer (Chrono Boost)  
  150  10:22  Photon Cannon  
  150  10:24  Photon Cannon  
  150  10:26  Photon Cannon  
  150  10:28  Photon Cannon  
  150  10:30  Photon Cannon  
  150  10:32  Photon Cannon  
  150  10:49  Templar Archives  
  150  11:06  Zealot  
  150  11:07  Zealot x7  
  156  11:19  Psionic Storm  
  154  11:38  Gateway  
  154  11:40  Gateway  
  154  11:43  Gateway  
  154  11:45  Gateway  
  154  11:46  Gateway  
  154  11:49  Pylon x2  
  154  11:51  Pylon  
  154  11:54  Stalker x3  
  154  11:55  Stalker x5  
  158  12:12  Nexus  
  158  12:15  Pylon  
  155  12:16  Pylon  
  155  12:18  Pylon  
  155  12:20  Pylon  
  147  12:22  Assimilator  
  147  12:27  Assimilator  
  147  12:30  Pylon, Colossus  
  147  12:31  Colossus  
  147  12:32  Stalker x4  
  147  12:33  Stalker x4  
  175  12:38  Probe x4  
  175  12:42  Assimilator  
  179  12:44  Assimilator  
  179  12:50  Probe x3  
  182  12:57  Stalker x4  
  182  12:58  Stalker  
  192  13:03  Zealot  
  192  13:05  Zealot  
  196  13:24  Observer x2  
  196  13:25  Photon Cannon  
  196  13:26  Photon Cannon  
  198  13:28  Photon Cannon  
  198  13:31  Photon Cannon  
  198  13:34  Probe  
  198  13:35  Probe  
  170  14:17  Stalker x5  
  170  14:18  Stalker x3  
  156  14:42  Probe x5, Gateway  
  156  14:44  Gateway, Colossus x2  
  163  14:46  Gateway  
  163  14:49  Gateway  
  163  14:51  Gateway  
  153  14:54  Probe  
  146  15:09  High Templar x7  
  146  15:10  High Templar  
  162  15:15  Photon Cannon  
  162  15:17  Photon Cannon  
  162  15:20  Photon Cannon  
  162  15:23  Photon Cannon  
  162  15:25  Photon Cannon  
  162  15:29  Archon  
  162  15:30  Archon x3  
  162  15:44  High Templar x5  
  162  15:45  High Templar x3  
  162  15:48  Archon x2  
  162  15:49  Archon x2  
  178  15:57  Colossus  
  178  16:00  Zealot x4  
  192  16:34  Zealot  
  192  16:35  Zealot  
  192  16:36  Zealot x2  
  192  16:39  Nexus  
  200  16:40  Pylon  
  200  16:42  Pylon  
  200  16:44  Pylon  
  200  16:47  Assimilator  
  200  16:52  Assimilator  
Show
View Real Time Build Order
Export as new Build Order

Wabbit Zerg - Winner!

Build Orders: Hatch First 

Get SALT Encoding   

  8  0:12  Drone x2  
  10  0:21  Drone  
  10  0:26  Drone  
  12  0:38  Overlord  
  12  0:50  Overlord  
  12  1:21  Hatchery  
  12  1:32  Hatchery  
  12  1:40  Drone  
  12  1:41  Drone x2  
  15  1:52  Drone  
  16  1:54  Hatchery  
  16  2:02  Extractor  
  16  2:07  Drone, Extractor  
  16  2:10  Hatchery  
  16  2:15  Drone  
  16  2:25  Drone  
  17  2:42  Drone x2  
  19  2:58  Hatchery, Spawning Pool  
  17  3:14  Drone  
  17  3:15  Drone x2  
  20  3:23  Drone  
  21  3:27  Drone  
  22  3:34  Drone  
  22  3:36  Drone  
  24  3:45  Queen  
  24  3:47  Queen  
  24  3:48  Overlord  
  28  3:51  Overlord  
  28  4:01  Metabolic Boost  
  28  4:03  Drone x3  
  28  4:06  Drone  
  28  4:09  Extractor  
  31  4:21  Drone x4  
  31  4:23  Drone  
  36  4:27  Drone  
  36  4:30  Drone  
  38  4:33  Drone  
  38  4:36  Drone  
  40  4:45  Drone x3  
  43  4:58  Drone x5  
  43  4:59  Drone x3  
  51  5:05  Extractor x2  
  49  5:07  Extractor  
  49  5:08  Drone x2  
  49  5:09  Extractor  
  49  5:15  Drone  
  51  5:21  Drone x2  
  51  5:23  Overlord  
  51  5:24  Overlord  
  52  5:43  Hatchery, Drone x3, Extractor  
  52  5:44  Drone x2  
  52  5:45  Drone  
  52  5:46  Drone x3  
  52  5:47  Overlord x3, Extractor  
  52  5:49  Pneumatized Carapace  
  58  5:53  Lair  
  58  5:58  Drone  
  58  5:59  Drone x2  
  61  6:04  Drone x3  
  61  6:08  Queen  
  66  6:14  Drone  
  67  6:19  Drone x2  
  67  6:20  Drone  
  67  6:21  Drone  
  71  6:38  Drone  
  71  6:39  Drone x6  
  79  6:40  Drone x2  
  80  6:49  Burrow  
  80  6:53  Spire  
  79  6:54  Spire  
  77  7:04  Zergling x2  
  77  7:05  Zergling x12  
  77  7:06  Zergling x6  
  87  7:19  Queen  
  87  7:21  Drone x3  
  92  7:23  Drone x3  
  92  7:24  Drone  
  96  8:02  Overlord x2  
  96  8:03  Overlord x7  
  96  8:04  Overlord x6, Hatchery, Extractor  
  96  8:05  Overlord x6, Extractor, Hatchery  
  91  8:07  Extractor  
  91  8:11  Extractor  
  88  8:16  Zerg Flyer Armor Level 1  
  88  8:17  Zerg Flyer Weapons Level 1  
  82  8:38  Drone x4  
  82  8:39  Drone x6  
  85  8:43  Mutalisk x6  
  85  8:44  Mutalisk x2  
  92  9:05  Mutalisk x5  
  92  9:06  Mutalisk x3  
  107  9:17  Hatchery  
  107  9:18  Hatchery  
  107  9:24  Hatchery, Extractor  
  103  9:36  Mutalisk x3  
  103  9:37  Mutalisk x3  
  115  9:46  Mutalisk x2  
  119  9:57  Spine Crawler, Spore Crawler  
  119  9:58  Spine Crawler  
  116  10:05  Infestation Pit  
  115  10:10  Lair  
  109  10:25  Overseer  
  109  10:26  Overseer  
  91  10:54  Drone x3  
  91  10:55  Drone x3  
  91  10:56  Drone x4  
  102  10:57  Drone x5  
  90  11:13  Mutalisk x4  
  90  11:16  Mutalisk x2  
  90  11:17  Mutalisk x3  
  108  11:21  Queen  
  110  11:29  Mutalisk x4  
  118  11:47  Drone x3  
  118  11:48  Drone x3, Hatchery, Mutalisk x2  
  118  11:50  Hatchery  
  125  11:57  Queen  
  127  12:33  Mutalisk x6  
  127  12:34  Mutalisk x2  
  79  13:21  Extractor  
  77  13:28  Corruptor x4  
  77  13:29  Corruptor x3  
  77  13:33  Drone x3  
  77  13:34  Drone x5  
  92  13:49  Corruptor  
  92  13:50  Corruptor x3  
  92  13:55  Spore Crawler  
  99  13:56  Spore Crawler  
  99  13:57  Drone x3  
  99  13:58  Drone x2  
  103  14:13  Corruptor x3  
  109  14:38  Corruptor  
  109  14:39  Corruptor x4  
  119  14:56  Mutalisk  
  119  14:57  Mutalisk x3  
  127  15:13  Overseer x2, Overlord  
  127  15:14  Overlord x7  
  127  15:15  Overlord  
  127  15:30  Extractor  
  127  15:33  Extractor  
  127  15:34  Extractor  
  127  15:35  Extractor  
  123  15:36  Extractor  
  123  15:37  Extractor  
  123  15:39  Hatchery  
  118  15:49  Drone  
  120  15:50  Drone x2  
  120  15:51  Drone x3  
  120  15:52  Drone x3  
  120  15:54  Drone x3  
  120  15:56  Drone  
  120  15:57  Drone x2  
  133  15:58  Drone x3  
  133  16:02  Mutalisk x4  
  133  16:03  Mutalisk  
Show
View Real Time Build Order
Export as new Build Order

Donk Terran 

Build Orders:  

Get SALT Encoding   

  8  0:00  SCV  
  9  0:13  SCV  
  10  0:25  SCV  
  11  0:37  SCV  
  11  0:39  Supply Depot  
  12  0:53  SCV  
  13  1:05  SCV  
  14  1:16  Command Center  
  14  1:19  SCV  
  15  1:31  SCV  
  16  1:36  Barracks  
  16  1:43  SCV  
  17  1:55  SCV  
  18  2:07  SCV  
  19  2:16  Command Center  
  19  2:20  SCV  
  20  2:29  Orbital Command  
  20  2:35  Bunker  
  20  2:38  Marine  
  20  2:42  SCV  
  22  2:58  Orbital Command  
  22  3:03  Marine  
  23  3:11  Refinery  
  23  3:12  SCV  
  24  3:14  Refinery  
  24  3:24  Marine, SCV  
  26  3:30  SCV x2  
  28  3:36  SCV  
  28  3:40  Refinery  
  29  3:42  SCV  
  29  3:43  Orbital Command  
  29  3:46  Refinery  
  29  3:48  Marine  
  31  3:49  SCV  
  32  3:56  Supply Depot, SCV  
  32  4:01  SCV  
  34  4:02  Factory  
  34  4:08  SCV  
  35  4:13  SCV  
  35  4:15  Factory  
  35  4:16  SCV  
  37  4:20  Engineering Bay  
  37  4:21  SCV  
  38  4:25  SCV  
  38  4:28  SCV  
  40  4:31  Marine  
  40  4:33  SCV  
  40  4:37  SCV  
  43  4:40  Refinery, SCV  
  43  4:45  SCV  
  45  4:47  Refinery  
  45  4:50  SCV  
  45  4:52  Factory Reactor, SCV  
  47  4:53  Missile Turret  
  47  4:57  Missile Turret  
  47  5:00  Armory  
  47  5:01  Missile Turret, Armory  
  47  5:06  SCV x3  
  50  5:08  Factory Tech Lab  
  50  5:20  Starport  
  50  5:21  Starport  
  50  5:23  Missile Turret  
  50  5:27  Cyclone  
  53  5:30  SCV x2  
  55  5:41  Supply Depot x2  
  55  5:47  Supply Depot  
  55  5:48  Supply Depot  
  55  5:56  Drilling Claws, Command Center  
  55  6:02  SCV, Supply Depot, Widow Mine x2  
  55  6:04  Terran Ship Weapons Level 1, Terran Vehicle And Ship Armor Level 1  
  60  6:10  SCV x2  
  62  6:13  Neosteel Armor  
  62  6:16  Cyclone  
  65  6:21  Starport Reactor, Starport Tech Lab  
  65  6:24  Hellion x2  
  69  6:26  Starport  
  69  6:27  Starport  
  69  6:29  Starport  
  69  6:31  SCV x3  
  72  6:43  Command Center, SCV  
  72  6:46  Factory  
  72  6:47  SCV x2, Factory  
  75  6:53  Cyclone  
  78  6:55  SCV  
  78  6:59  SCV  
  80  7:06  SCV  
  80  7:07  SCV  
  82  7:11  SCV  
  82  7:13  Factory  
  82  7:15  Mag-Field Accelerator  
  83  7:18  SCV x2  
  83  7:19  SCV  
  83  7:20  Starport Tech Lab x3  
  86  7:31  Orbital Command  
  86  7:34  Starport Tech Lab, Cyclone  
  86  7:35  Hellion x2  
  86  7:36  Factory Tech Lab x2  
  93  7:44  Supply Depot  
  93  7:45  Supply Depot x2  
  93  7:56  Hellion  
  93  7:58  Terran Vehicle Weapons Level 1  
  95  8:07  Banshee x3  
  95  8:08  Banshee  
  95  8:11  Cloaking Field, Hyperflight Rotors  
  107  8:20  SCV x3  
  107  8:21  SCV  
  111  8:34  Command Center x2  
  111  8:45  SCV  
  111  8:46  SCV x2  
  111  8:47  Planetary Fortress  
  111  8:48  SCV  
  115  8:50  Banshee  
  118  8:58  SCV x3  
  118  9:00  SCV  
  119  9:07  Widow Mine x5  
  119  9:08  Liberator x2  
  119  9:09  Liberator x2  
  135  9:10  SCV x3  
  138  9:18  Refinery x2  
  138  9:19  Missile Turret  
  138  9:20  Missile Turret  
  138  9:27  Supply Depot  
  138  9:28  Widow Mine x2  
  138  9:29  Terran Vehicle And Ship Armor Level 2  
  138  9:30  Supply Depot x2  
  142  9:33  Cyclone  
  142  9:35  Factory Tech Lab  
  145  9:45  Cyclone  
  145  9:46  Hellion  
  145  9:49  Hellion  
  145  9:50  Cyclone  
  145  9:52  Terran Ship Weapons Level 2  
  155  10:00  Refinery  
  155  10:06  Refinery  
  155  10:07  Hellion  
  147  10:23  Widow Mine x2  
  131  10:40  Widow Mine x3  
  127  10:43  Orbital Command  
  127  10:44  Orbital Command  
  127  10:47  SCV x5  
  117  10:59  SCV x2  
  117  11:00  SCV x3  
  112  11:05  Widow Mine x5  
  112  11:06  Widow Mine, Liberator x2  
  112  11:07  Liberator x4  
  142  11:11  SCV  
  142  11:12  SCV x6  
  142  11:15  Command Center  
  142  11:17  Command Center  
  149  11:22  Missile Turret  
  149  11:23  Missile Turret, SCV  
  149  11:24  SCV x6  
  156  11:35  SCV  
  156  11:37  SCV x2  
  156  11:39  Command Center  
  159  11:40  Command Center  
  159  11:49  Liberator x2  
  159  11:51  Widow Mine  
  159  11:52  Widow Mine x5  
  167  12:09  Command Center  
  167  12:13  Widow Mine x4  
  148  12:29  Thor x2  
  127  12:31  SCV x5  
  127  12:34  Thor x2  
  149  12:43  SCV x3  
  151  12:55  Orbital Command x2  
  137  13:07  SCV x4  
  137  13:12  Thor x2  
  147  13:14  Orbital Command  
  147  13:17  Widow Mine x2  
  147  13:18  Widow Mine x2  
  147  13:19  SCV x3, Banshee  
  164  13:20  Banshee x3  
  173  13:28  Command Center x2  
  173  13:29  SCV  
  173  13:30  SCV  
  173  13:31  SCV x3  
  178  13:38  Widow Mine x2  
  178  13:39  Widow Mine x2  
  186  13:41  SCV  
  186  13:42  SCV  
  186  13:43  SCV x2  
  186  13:44  SCV  
  191  13:54  SCV x2  
  195  13:55  SCV x2, Widow Mine  
  195  14:02  Banshee  
  197  14:09  Command Center  
  142  14:29  SCV x2  
  142  14:30  SCV  
  133  14:33  Liberator x2  
  133  14:34  Liberator x3, Refinery  
  134  14:39  SCV x2  
  134  14:40  Engineering Bay  
  134  14:45  Banshee  
  121  14:53  Orbital Command  
  121  14:55  Command Center  
  121  14:56  SCV x2  
  121  14:57  SCV  
  99  15:11  Thor x2  
  99  15:12  Factory Tech Lab  
  104  15:16  Banshee x2  
  104  15:17  Banshee  
  102  15:28  Banshee  
  105  15:33  Orbital Command  
  105  15:34  Viking x2  
  107  15:54  Thor x2  
  119  15:59  Banshee x2  
  119  16:00  Viking  
  127  16:04  Viking x2  
  127  16:07  Missile Turret  
  120  16:20  Widow Mine  
  120  16:21  Widow Mine x2  
  108  16:37  Widow Mine  
Show
View Real Time Build Order
Export as new Build Order

Alfonso Zerg 

Build Orders: Hatch First 

Get SALT Encoding   

  8  0:01  Drone  
  9  0:11  Drone  
  10  0:19  Drone  
  11  0:27  Overlord  
  11  0:37  Drone  
  12  0:46  Drone x2  
  14  0:55  Drone  
  15  1:02  Drone  
  16  1:20  Hatchery  
  15  1:28  Drone x2  
  17  1:41  Spawning Pool  
  17  1:45  Drone  
  17  1:46  Drone  
  18  1:49  Extractor  
  17  1:58  Overlord  
  17  2:03  Drone  
  18  2:11  Drone  
  19  2:28  Zergling x2  
  19  2:29  Queen  
  22  2:41  Drone x2  
  22  2:42  Drone  
  22  2:43  Queen  
  27  3:04  Drone x5  
  32  3:06  Metabolic Boost  
  32  3:16  Overlord  
  32  3:18  Overlord  
  32  3:32  Extractor  
  31  3:35  Queen, Baneling Nest  
  31  3:39  Roach Warren  
  31  3:41  Drone  
  31  3:42  Drone x2  
  31  3:43  Drone  
  31  3:44  Drone  
  36  3:50  Drone x3  
  39  4:15  Evolution Chamber  
  38  4:18  Evolution Chamber  
  38  4:19  Zergling x2, Roach  
  38  4:21  Overlord  
  38  4:22  Overlord  
  40  4:33  Hatchery  
  40  4:36  Lair  
  39  4:43  Drone x3, Extractor  
  39  4:44  Drone  
  42  4:47  Zerg Melee Weapons Level 1, Zerg Ground Armor Level 1  
  42  5:07  Drone  
  42  5:10  Drone  
  42  5:12  Drone x3  
  47  5:14  Drone  
  47  5:15  Extractor, Drone  
  47  5:16  Drone x2  
  47  5:19  Zergling x2  
  51  5:26  Overlord  
  51  5:38  Overlord x2  
  51  5:44  Pneumatized Carapace  
  51  5:48  Queen  
  53  5:51  Zergling x2  
  53  5:52  Roach x5  
  53  5:56  Centrifugal Hooks  
  53  5:57  Glial Reconstitution  
  64  6:09  Zergling x2  
  64  6:10  Roach x5, Zergling x2  
  76  6:35  Hatchery  
  75  6:40  Zergling x2, Roach  
  75  6:41  Roach x2, Zergling x4  
  75  6:43  Overlord x4  
  75  6:45  Overseer  
  80  7:22  Zergling x2  
  81  7:23  Zergling x12, Roach  
  81  7:24  Roach x5  
  99  7:33  Drone  
  100  8:14  Zergling x2  
  100  8:15  Zergling x4, Roach x3  
  100  8:16  Roach x5  
  100  8:18  Overlord x4  
  100  8:19  Overlord  
  108  8:42  Drone x11  
  108  8:44  Queen  
  98  9:05  Extractor  
  98  9:07  Zerg Melee Weapons Level 2, Zerg Missile Weapons Level 1  
  85  9:18  Spore Crawler  
  85  9:21  Spore Crawler  
  81  9:27  Spore Crawler  
  81  9:30  Spore Crawler  
  79  9:31  Spore Crawler  
  79  9:32  Drone x5, Hydralisk Den  
  79  9:35  Spore Crawler  
  81  9:39  Spore Crawler  
  81  9:42  Spore Crawler  
  81  9:43  Spore Crawler  
  77  9:49  Spore Crawler  
  77  9:50  Spore Crawler  
  75  9:53  Spore Crawler  
  75  9:54  Zergling x2  
  75  9:55  Roach x3, Zergling x2  
  75  9:56  Roach x6, Zergling x2  
  75  9:57  Zergling x16  
  75  9:58  Overlord  
  103  10:25  Infestation Pit  
  102  10:39  Drone x8  
  102  10:42  Extractor  
  109  11:01  Zerg Ground Armor Level 2  
  102  11:15  Hydralisk  
  102  11:16  Hydralisk x24  
  137  11:23  Drone x3  
  115  11:44  Zergling x2, Roach  
  115  11:45  Roach x7  
  132  12:00  Overlord  
  132  12:01  Overlord x4  
  87  13:14  Zergling x8, Roach  
  87  13:15  Roach x16  
  101  13:21  Zerg Missile Weapons Level 2  
  101  13:23  Hive  
  101  13:36  Hatchery  
  101  13:39  Grooved Spines  
  88  14:02  Zergling x2  
  57  14:03  Zergling x6, Roach  
  57  14:04  Zergling x8, Roach  
  57  14:05  Roach x11  
  85  14:29  Muscular Augments  
  47  15:05  Extractor  
  46  15:18  Extractor, Queen  
  46  15:19  Extractor  
  46  15:24  Queen  
  46  15:26  Queen  
  50  15:28  Queen  
  52  15:39  Drone x3  
  52  15:40  Drone x3  
  52  15:41  Drone x3  
  52  15:42  Drone x4  
  65  16:00  Ultralisk Cavern  
  64  16:13  Hydralisk  
  64  16:14  Hydralisk x7  
  80  16:49  Hatchery, Spore Crawler  
  126  17:05  Unknown  
Tags
 
Add a new tag
Caveats
  • Supply blocks, unpowered buildings, or Contaminate may cause inaccurate times.
  • Supply counts are checked every 10 seconds.